 Dungeon Crawl Stone Soup version 0.26-a0-1184-g95e395e029 (webtiles) character file.

Game seed: 12901905629935214336

34 tatocazan the Skirmisher (level 3, -2/29 HPs)
             Began as a Demonspawn Fighter on Dec 27, 2020.
             Killed from afar by Natasha (12 damage)
             ... with a magic dart
             ... on level 2 of the Dungeon.
             The game lasted 00:02:16 (1201 turns).

tatocazan the Skirmisher (Demonspawn Fighter)       Turns: 1201, Time: 00:02:16

Health: -2/29      AC:  3    Str: 17    XL:     3   Next: 14%
Magic:  3/3        EV:  8    Int:  9    God:
Gold:   83         SH:  8    Dex: 12    Spells: 2/2 levels left

rFire    . . .     SeeInvis .   a - +0 war axe
rCold    . . .     Faith    .   c - +0 kite shield
rNeg     . . .     Spirit   .   l - +0 leather armour (curse)
rPois    .         Reflect  .   (no helmet)
rElec    .         Harm     .   (no cloak)
rCorr    .         Rampage  .   (no gloves)
Will     .....                  (no boots)
Stlth    +.........             (no amulet)
HPRegen  0.09/turn              (no ring)
MPRegen  0.08/turn              (no ring)

@: slowed, very slow
A: foul stench 1, miasma immunity
a: no special abilities


You were on level 2 of the Dungeon.
You visited 1 branch of the dungeon, and saw 2 of its levels.

You collected 83 gold pieces.

Inventory:

Hand Weapons
 a - a +0 war axe (weapon)
Armour
 b - a +0 scale mail
 c - a +0 kite shield (worn)
 k - a +0 plate armour
 l - a cursed +0 leather armour (worn)
Scrolls
 f - a scroll of noise
 g - 4 scrolls of identify
 j - 4 scrolls of teleportation
 m - a scroll of remove curse {unknown}
 o - a scroll of enchant weapon {unknown}
Potions
 d - a potion of might
 e - 2 potions of heal wounds {unknown}
 h - a potion of flight {unknown}
 i - a potion of degeneration {unknown}
 n - a potion of lignification {unknown}


   Skills:
 + Level 3.2 Fighting
 * Level 2.6 Axes
 + Level 2.9 Armour
 + Level 0.1 Dodging
 + Level 2.9 Shields


You had 2 spell levels left.
You didn't know any spells.
Your spell library was empty.

Dungeon Overview and Level Annotations

Branches:
Dungeon (2/15)

Altars:

Annotations:
D:2 Natasha


Innate Abilities, Weirdness & Mutations

You may emit foul miasma when damaged in melee.
You are immune to miasma.


Message History

You are too injured to fight recklessly!
You are too injured to fight recklessly!
You are too injured to fight recklessly!
You are too injured to fight recklessly!
You closely miss Natasha.
Natasha is almost dead.
You block Natasha's attack.
Natasha hisses.
Natasha casts a spell at you. The magic dart hits you.
You take 4 damage, and have 13/29 hp.
Your shield prevents you from hitting Natasha.
Natasha is almost dead.
Natasha claws you. You block Natasha's attack.
You take 3 damage, and have 10/29 hp.
You barely miss Natasha.
Natasha is almost dead.
Natasha casts a spell at you. The magic dart hits you!
You die...

############
##..........#
#..########.#
...# #.# #..#
######.#######
#..#
#..........@.#
#..#
#.####.#####h#
#..###.# #.#
.# †......#
#.# .#
#......# #.#
.# #..###.#
#.# .# .....
.. ..# .#
#..... . .. .#
######.#


You could see Natasha.

Vanquished Creatures
  An adder (D:2)
  2 dart slugs (D:1)
  A leopard gecko (D:1)
  A ball python (D:1)
  2 bats (D:2)
  2 goblins (D:1)
  2 hobgoblins
  4 frilled lizards (D:1)
  3 kobolds
  3 rats
21 creatures vanquished.

Notes
Turn   | Place    | Note
-------+----------+-------------------------------------------
     0 | D:1      | tatocazan the Demonspawn Fighter began the quest for the
                  | Orb.
     0 | D:1      | Reached XP level 1. HP: 18/18 MP: 1/1
    93 | D:1      | Gained mutation: You are immune to miasma. [demonic
                  | ancestry]
    93 | D:1      | Reached XP level 2. HP: 4/24 MP: 2/2
   900 | D:2      | Gained mutation: You may emit foul miasma when damaged in
                  | melee. [demonic ancestry]
   900 | D:2      | Reached XP level 3. HP: 29/29 MP: 3/3
  1192 | D:2      | Noticed Natasha
  1201 | D:2      | Killed from afar by Natasha

Illustrated notes

Levels and vault maps discovered:
D:1:      lightli_arrival_maybe_door_vault, layout_rooms
D:2:      layout_loops_ring, uniq_natasha

Skill      XL: |  1 |
---------------+----+-----
Axes           | 2 |  2.6
Fighting       | |  3.2
Armour         | |  2.9
Dodging        | |  0.1
Shields        | |  2.9

Action                   || total
-------------------------++-------
Melee: War axe           ||    77
  Use: Scroll            ||     2
Armor: Scale mail        ||    14
       Leather armour    ||    13
Dodge: Dodged            ||    23
Block: Kite shield       ||    39

Table legend: (Time is in decaauts)
 A = Elapsed time spent in this place.
 B = Non-inter-level travel time spent in this place.
 C = Inter-level travel time spent in this place.
 D = Time resting spent in this place.
 E = Time spent auto-exploring this place.
 F = Levels seen in this place.
 G = Mean time per level.
                   A        B        C        D        E       F      G
               +--------+--------+--------+--------+--------+-----+--------+
         Total |   1239 |   1230 |      9 |    562 |    460 |   2 |  619.5 |
       Dungeon |   1239 |   1230 |      9 |    562 |    460 |   2 |  619.5 |
               +--------+--------+--------+--------+--------+-----+--------+

Top non-repeatable levels by time:
     D:1: 731 daAuts
     D:2: 508 daAuts
